 Dungeon Crawl Stone Soup version 0.21.1-1-g345015fe64 (webtiles) character file.

261 Jerry the Slasher (level 6, -1/43 HPs)
             Began as an Octopode Fighter on Feb 28, 2018.
             Slain by an orc wizard
             ... wielding a +0 dagger
              (3 damage)
             ... on level 2 of the Dungeon.
             The game lasted 00:05:45 (2322 turns).

Jerry the Slasher (Octopode Fighter)                Turns: 2322, Time: 00:05:46

Health: -1/43      AC:  1    Str: 15    XL:     6   Next: 18%
Magic:  6/6        EV: 14    Int: 11    God:
Gold:   101        SH:  5    Dex: 13    Spells: 5/5 levels left

rFire    . . .     SeeInvis .   s - +1 dagger (elec)
rCold    . . .     Gourm    .   n - +0 buckler
rNeg     . . .     Faith    .   (helmet restricted)
rPois    .         Spirit   .   p - amulet of regeneration
rElec    .         Reflect  .   (no ring)
rCorr    .         Harm     .   (no ring)
MR       .....                  (no ring)
Stlth    +++.......             (no ring)
HPRegen  0.54/turn              (no ring)
MPRegen  0.10/turn              (no ring)
                                (no ring)
                                (no ring)

@: no status effects
A: almost no armour, stealthy swim, amphibious, 8 rings, constrict 8, camouflage
1, gelatinous body 1
a: no special abilities


You were on level 2 of the Dungeon.
You were hungry.

You visited 1 branch of the dungeon, and saw 3 of its levels.

You collected 101 gold pieces.

Inventory:

Hand Weapons
 a - a +0 long sword
 s - a +1 dagger of electrocution (weapon)
Armour
 b - a +0 shield
 n - a +0 buckler (worn)
Jewellery
 p - an amulet of regeneration (around mantle)
Scrolls
 e - a scroll of magic mapping {unknown}
 h - a scroll of remove curse
 i - 2 scrolls of amnesia {unknown}
 k - a scroll of teleportation {unknown}
 t - a scroll of immolation {unknown}
Potions
 c - a potion of heal wounds {unknown}
 f - a potion of degeneration {unknown}
 j - 2 potions of curing {unknown}
 l - 2 potions of flight {unknown}
 m - a potion of agility {unknown}
 o - a potion of haste {unknown}
 q - a potion of lignification {unknown}
 r - a potion of might
Comestibles
 d - 2 rations
 g - 10 chunks of flesh


   Skills:
 + Level 3.8 Fighting
 * Level 3.9 Long Blades
 + Level 3.7 Dodging
 + Level 3.3 Stealth
 + Level 3.8 Shields


You had 5 spell levels left.
You didn't know any spells.

Dungeon Overview and Level Annotations

Branches:
Dungeon (3/15)

Altars:
Dithmenos


Innate Abilities, Weirdness & Mutations

You cannot wear most types of armour.
You are very stealthy in the water. (Stealth+)
You are amphibious.
You can wear up to eight rings at the same time.
You can use your tentacles to constrict eight enemies at once.
Your skin changes colour to match your surroundings (Stealth+).
Your rubbery body absorbs attacks. (AC +1, EV +1)


Message History

You hit the bat. Your grab misses the bat.
The bat is moderately wounded.
You block the bat's attack.
You hear some strange, mumbled words.
You hit the bat. Lightning courses through the bat!
You kill the bat!
Something hits you.
* * * LOW HITPOINT WARNING * * *
You block something's attack.
You hear some strange, mumbled words.
A puff of flame appears from out of thin air!
The puff of flame hits you!
* * * LOW HITPOINT WARNING * * *
There is a stone staircase leading up, spattered with blood here.
Things that are here:
a bat corpse; a rat corpse You barely miss something.
Your squeeze misses something. Something hits you.
* * * LOW HITPOINT WARNING * * *
Something hits you.
You die...

####.....{..##.####.#
#.#
########.........###.#
####.####..##.# #..#
#.....## # #.##
#....).#### #.#
##..##...## ##.#
##..####... #..#
##...# ##.# #@##
#...## ###
#.#####.#.########
#.<>..............
######.###.####### #.#
#.# ###########.# #.#
#<..........# #.######
#.........### #......#
#.....(...# ##)....#


There were no monsters in sight!

Vanquished Creatures
  Sigmund (D:2)
  2 oozes (D:2)
  2 worms (D:2)
  2 dart slugs
  2 orcs (D:3)
  6 bats
  8 giant cockroaches
  6 goblins
  14 hobgoblins
  7 jackals (D:1)
  7 kobolds
  3 quokkas (D:2)
  2 ball pythons
  3 frilled lizards
  5 rats
70 creatures vanquished.

Notes
Turn   | Place    | Note
-------+----------+-------------------------------------------
     0 | D:1      | Jerry the Octopode Fighter began the quest for the Orb.
     0 | D:1      | Reached XP level 1. HP: 16/16 MP: 1/1
    56 | D:1      | Reached XP level 2. HP: 21/21 MP: 2/2
    60 | D:1      | Reached skill level 1 in Stealth
   361 | D:1      | Reached XP level 3. HP: 26/26 MP: 3/3
  1648 | D:2      | Noticed Sigmund
  1795 | D:2      | Killed Sigmund
  1795 | D:2      | Reached XP level 4. HP: 33/33 MP: 4/4
  1795 | D:2      | Reached XP level 5. HP: 37/37 MP: 5/5
  1866 | D:2      | Reached XP level 6. HP: 43/43 MP: 6/6
  1952 | D:2      | Found a shadowy altar of Dithmenos.
  2322 | D:2      | HP: 2/43 [something (5)]
  2322 | D:2      | Slain by an orc wizard

Skill      XL: |  1  2  3 |
---------------+----------+-----
Stealth        | 1 3 |  3.3
Long Blades    | 3 |  3.9
Fighting       | |  3.8
Dodging        | |  3.7
Shields        | |  3.8

Action                   |  1- 3 |  4- 6 || total
-------------------------+-------+-------++-------
Melee: Long sword        |    70 |    31 ||   101
       Constrict         |    21 |    18 ||    39
       Tentacles         |    16 |    11 ||    27
       Dagger            |       |    19 ||    19
  Use: Scroll            |     3 |       ||     3
       Potion            |     1 |       ||     1
 Stab: Sleeping          |     8 |     5 ||    13
  Eat: Chunk             |     3 |     1 ||     4
Armor: Skin              |     2 |     6 ||     8
Dodge: Dodged            |    30 |    35 ||    65
Block: Shield            |    17 |       ||    17
       Buckler           |     6 |    11 ||    17
       Rpst.: Long sword |    10 |     5 ||    15
